Match 45212335
Unlisted

Match 45212335
End
Construct Barracks
Engineer Squad
Selects Special Operations Battlegroup
1⁄4-ton 4x4 Truck
Riflemen Squad
Grenade Package
Riflemen Squad
Riflemen Squad
Selects Raiding Flares
Mechanized Support Center
Riflemen Squad
Construct Motor Pool
Raiding Flares
Selects M29 Weasel with M1 Pack Howitzer
M8 Greyhound Armored Car
M24 Chaffee Light Tank
M1918 Browning Automatic Rifles
Construct Weapon Support Center
M3 Armored Personnel Carrier
Raiding Flares
Selects P-47 Anti-Infantry Loiter
M1 Anti-tank Gun Team
M24 Chaffee Light Tank
Forward Retreat Point
qorghvkdlxj3
勇于撤退先遣兵
Yakhin_GT
Skabadapipidom
Jm200092
一十四叔
dkluan92
德意志军团长
0
0

Comments sign in to comment!

No comments posted yet!